 Dungeon Crawl Stone Soup version 0.31-a0-4-gefa6de2278 (webtiles) character file.

Game seed: 16454781490168761696

451 elagabalus the Digger (level 6, 26/32 HPs)
             Began as a Deep Elf Earth Elementalist on May 2, 2023.
             Quit the game on level 4 of the Dungeon on May 5, 2023.
             The game lasted 00:29:36 (2682 turns).

elagabalus the Digger (Deep Elf Earth Elementalist) Turns: 2682, Time: 00:29:37

Health: 26/32      AC:  8    Str:  5    XL:     6   Next: 75%
Magic:  3/12       EV: 12    Int: 22    God:
Gold:   59         SH:  0    Dex: 15    Spells: 1/11 levels left

rFire   . . .        q - +0 dagger (protect)
rCold   . . .        (no shield)
rNeg    . . .        a - +0 robe
rPois   .            (no helmet)
rElec   .            f - +1 cloak
rCorr   .            (no gloves)
SInv    .            (no boots)
Will    .....        (no amulet)
Stlth   ++           h - +4 ring of protection
HPRegen 0.25/turn    (no ring)
MPRegen 0.13/turn

%: no passive effects
@: no status effects
A: no striking features
a: no special abilities


You were on level 4 of the Dungeon.
You visited 1 branch of the dungeon, and saw 5 of its levels.

You collected 59 gold pieces.

Inventory:

Hand Weapons
 j - a +0 short sword
 q - a +0 dagger of protection (weapon)
Armour
 a - a +0 robe (worn)
 f - a +1 cloak (worn)
Jewellery
 h - a +4 ring of protection (left hand)
Scrolls
 d - 2 scrolls of enchant armour
Potions
 b - a potion of magic
 c - a potion of curing {unknown}
 e - a potion of brilliance {unknown}
 i - a potion of flight {unknown}
 k - 2 potions of might
 m - a potion of attraction
 n - 2 potions of heal wounds
 o - a potion of mutation {unknown}
 r - 2 potions of invisibility


   Skills:
 - Level 2.4 Dodging
 - Level 2.4 Stealth
 - Level 3.0 Spellcasting
 * Level 5.6 Conjurations
 - Level 1.1 Transmutations
 - Level 6.0 Earth Magic
 - Level 0.2 Poison Magic


You had one spell level left.
You knew the following spells:

 Your Spells              Type           Power      Damage    Failure   Level
a - Sandblast             Erth           58%        2d13      1%          1
b - Passwall              Tmut/Erth      15%        N/A       4%          2
c - Stone Arrow           Conj/Erth      56%        3d10      3%          3
d - Petrify               Tmut/Erth      18%        N/A       28%         4

Your spell library contained the following spells:

 Spells                   Type           Power      Damage    Failure   Level
 Lesser Beckoning         Tloc           6%         N/A       19%         2
 Gell's Gravitas          Tloc           3%         N/A       36%         3
 Teleport Other           Tloc           3%         N/A       36%         3


Dungeon Overview and Level Annotations

Branches:
Dungeon (5/15)
 Temple: D:4-7

Altars:
Zin

Annotations:
D:3 Grinder, Sigmund


Message History

The hound moves out of view.
A hound is nearby!
Aiming: Sandblast (safe; 1% risk of failure)
Press: ? - help, Q - select action, (/) - cycle Shift-Dir - straight line, f - hound
Aim: a hound (76% to hit)
The blast of sand hits the hound!
The hound is heavily wounded.
The hound bites you but does no damage.
Aiming: Sandblast (safe; 1% risk of failure)
Press: ? - help, Q - select action, (/) - cycle Shift-Dir - straight line, f/p - hound
Aim: a hound (heavily wounded, 76% to hit)
The blast of sand hits the hound!
You kill the hound!
Unknown command.
You open the door.
An ogre comes into view. It is wielding a +0 giant club.
There is an open door here.
Aiming: Sandblast (safe; 1% risk of failure)
Press: ? - help, Q - select action, (/) - cycle Shift-Dir - straight line, f - ogre
Aim: an ogre, wielding a +0 giant club (asleep, 100% to hit)
Okay, then.
Aiming: Sandblast (safe; 1% risk of failure)
Press: ? - help, Q - select action, (/) - cycle Shift-Dir - straight line, f - ogre
Aim: an ogre, wielding a +0 giant club (asleep, 100% to hit)
The blast of sand hits the ogre!
The ogre is heavily wounded.
The ogre shouts!
Aiming: Sandblast (safe; 1% risk of failure)
Press: ? - help, Q - select action, (/) - cycle Shift-Dir - straight line, f/p - ogre
Aim: an ogre, wielding a +0 giant club (heavily wounded, 92% to hit)
The blast of sand hits the ogre!
The ogre is almost dead.
Aiming: Sandblast (safe; 1% risk of failure)
Press: ? - help, Q - select action, (/) - cycle Shift-Dir - straight line, f/p - ogre
Aim: an ogre, wielding a +0 giant club (almost dead, 92% to hit)
The blast of sand hits the ogre!
You kill the ogre!
Your Conjurations skill increases to level 5!
You see here a +0 giant club.
Are you sure you want to abandon this character and quit the game? (Confirm with "yes".)

#....##.#
#....##.#
#....##.########
#...............
#....##.########
#....##.#
#....##.#
#######.#########
#..@.......
###########


There were no monsters in sight!

Vanquished Creatures
  Eustachio (D:4)
  An ogre (D:4)
  A jelly (D:4)
  A hound (D:4)
  An iguana (D:4)
  3 gnolls (D:3)
  An adder (D:4)
  A worm (D:2)
  2 dart slugs
  9 orcs
  10 endoplasms
  3 giant cockroaches
  7 hobgoblins
  3 jackals (D:2)
  4 ball pythons
  5 bats
  2 frilled lizards
  9 goblins
  5 kobolds
  2 rats
71 creatures vanquished.

Notes
Turn   | Place    | Note
-------+----------+-------------------------------------------
     0 | D:1      | elagabalus the Deep Elf Earth Elementalist began the quest
                  | for the Orb.
     0 | D:1      | Reached XP level 1. HP: 10/10 MP: 6/6
   329 | D:1      | Reached XP level 2. HP: 15/15 MP: 6/8
   330 | D:1      | Reached skill level 4 in Earth Magic
   333 | D:1      | Learned a level 2 spell: Passwall
   694 | D:1      | Upgraded the game from 0.31-a0-1-g4198be8af4 to
                  | 0.31-a0-4-gefa6de2278
  1478 | D:2      | Reached XP level 3. HP: 19/19 MP: 7/9
  1482 | D:2      | Learned a level 3 spell: Stone Arrow
  1940 | D:3      | Reached skill level 5 in Earth Magic
  2038 | D:3      | Reached XP level 4. HP: 19/24 MP: 2/10
  2162 | D:3      | Noticed Grinder
  2165 | D:3      | Noticed Sigmund
  2175 | D:3      | Paralysed by Grinder for 4 turns
  2295 | D:5      | Entered Level 5 of the Dungeon
  2412 | D:4      | Found a glowing silver altar of Zin.
  2448 | D:4      | Reached skill level 6 in Earth Magic
  2456 | D:4      | Reached skill level 1 in Conjurations
  2456 | D:4      | Reached XP level 5. HP: 28/28 MP: 5/11
  2465 | D:4      | Learned a level 4 spell: Petrify
  2556 | D:4      | Noticed Eustachio
  2614 | D:4      | Killed Eustachio
  2615 | D:4      | Reached XP level 6. HP: 9/32 MP: 1/12
  2664 | D:4      | Reached skill level 5 in Conjurations
  2682 | D:4      | Quit the game

Illustrated notes

Levels and vault maps discovered:
D:1:      spicycebolla_green_bress_n_ham, layout_basic, glass_columns_a,
          kennysheep_boxes
D:2:      layout_loops_corners
D:3:      layout_loops_ring, chequers_arboretum, guppyfry_early_orc_mine,
          uniq_sigmund, uniq_grinder
D:4:      layout_basic, mainiacjoe_overflow_24_doors, mainiacjoe_overflow_paths,
          uniq_eustachio
D:5:      layout_loops_ring, mainiacjoe_overflow_brackets,
          nicolae_elemental_shop, minmay_misc_feat_rows

Skill      XL: |  1  2  3  4  5  6 |
---------------+-------------------+-----
Earth Magic    | 4 5 6 |  6.0
Conjurations   | 1 4 5 |  5.6
Dodging        | |  2.4
Stealth        | |  2.4
Spellcasting   | |  3.0
Transmutations | |  1.1
Poison Magic   | |  0.2

Action                     |  1- 3 |  4- 6 || total
---------------------------+-------+-------++-------
  Melee: Short sword       |     5 |       ||     5
   Cast: Sandblast         |    59 |    56 ||   115
    Use: Scroll            |     7 |     5 ||    12
 Armour: Robe              |     6 |    30 ||    36
  Dodge: Dodged            |     9 |    38 ||    47

Table legend: (Time is in decaauts)
 A = Elapsed time spent in this place.
 B = Non-inter-level travel time spent in this place.
 C = Inter-level travel time spent in this place.
 D = Time resting spent in this place.
 E = Time spent auto-exploring this place.
 F = Levels seen in this place.
 G = Mean time per level.
                   A        B        C        D        E       F      G
               +--------+--------+--------+--------+--------+-----+--------+
         Total |   2776 |    591 |   2185 |      0 |      0 |   5 |  555.2 |
       Dungeon |   2776 |    591 |   2185 |      0 |      0 |   5 |  555.2 |
               +--------+--------+--------+--------+--------+-----+--------+

Top non-repeatable levels by time:
     D:1: 993 daAuts
     D:2: 827 daAuts
     D:3: 492 daAuts
     D:4: 452 daAuts
     D:5: 10 daAuts
